 Dungeon Crawl Stone Soup version 0.20.1-1-g8b1a95d (webtiles) character file.

67228 Ladykiller69 the Grappler (level 14, -6/140 HPs)
             Began as a Troll Monk on July 16, 2017.
             Was the Champion of Cheibriados.
             Killed from afar by an oklob plant (19 damage)
             ... with a splash of acid
             ... on level 3 of the Lair of Beasts.
             The game lasted 00:56:39 (16055 turns).

Ladykiller69 the Grappler (Troll Monk)             Turns: 16055, Time: 00:56:40

Health: -6/140     AC:  6    Str: 41    XL:     14   Next: 82%
Magic:  20/20      EV: 18    Int: 19    God:    Cheibriados [******]
Gold:   1691       SH:  0    Dex: 27    Spells: 13/13 levels left

rFire    . . .     SeeInvis .     - Unarmed
rCold    . . .     Gourm    +   (no shield)
rNeg     . . .     Faith    .   J - +0 swamp dragon scales
rPois    +         Spirit   .   n - +0 hat
rElec    .         Reflect  .   a - +1 cloak {+Inv}
rCorr    .         Harm     .   (gloves unavailable)
MR       +....                  (boots unavailable)
Stlth    ++........             (no amulet)
Regen    0.8/turn               x - +5 ring of slaying
MPRegen  0.2/turn               (no ring)

@: corroded, very slow
A: unfitting armour, claws 3, dopey 1, fast metabolism 3, gourmand, regeneration
1, shaggy fur 1, tough skin 2
a: Bend Time, Temporal Distortion, Slouch, Step From Time, Renounce Religion,
Evoke Invisibility


You were on level 3 of the Lair of Beasts.
You worshipped Cheibriados.
Cheibriados was exalted by your worship.
You were full.

You visited 3 branches of the dungeon, and saw 20 of its levels.
You also visited: Ossuary and Bailey.

You collected 1691 gold pieces.

Inventory:

Hand Weapons
 w - a +0 arbalest
Missiles
 D - a throwing net {=f !Q}
 P - 23 tomahawks of returning
 Q - 18 tomahawks (quivered)
 W - 12 large rocks
Armour
 a - a +1 cloak of invisibility (worn)
 n - a +0 hat (worn)
 J - +0 swamp dragon scales (worn)
Magical Staves
 M - an uncursed staff of fire
Jewellery
 d - an uncursed ring of protection from fire
 m - an uncursed ring of protection from magic
 x - a +5 ring of slaying (left claw)
 G - an uncursed ring of wizardry
 X - the ring "Fuhiw" {*Corrode rC+ Int+3 Dex+2 Stlth+}
   (You found it on level 6 of the Lair of Beasts)

   [ring of stealth]

   It affects your intelligence (+3).
   It affects your dexterity (+2).
   It protects you from cold.
   It may corrode you when you take damage.
   It makes you more stealthy.
 Z - an uncursed ring of positive energy
Wands
 r - a wand of acid (3/15)
 t - a wand of acid (5/15)
 N - a wand of acid (7/15)
Scrolls
 e - 7 scrolls of remove curse
 g - 7 scrolls of teleportation
 h - 2 scrolls of torment
 i - 3 scrolls of blinking
 k - 6 scrolls of recharging
 s - 6 scrolls of magic mapping
 u - 2 scrolls of fog
 v - 3 scrolls of amnesia
 y - a scroll of fear
 A - 3 scrolls of immolation
 E - 3 scrolls of holy word
 O - a scroll of summoning {unknown}
 S - 2 scrolls of enchant armour
 T - a scroll of brand weapon {unknown}
 U - 2 scrolls of enchant weapon {unknown}
Potions
 j - 4 potions of might
 o - 4 potions of heal wounds
 q - 5 potions of brilliance
 z - 11 potions of curing
 C - 2 potions of ambrosia
 F - 2 potions of mutation
 H - 3 potions of resistance
 I - 3 potions of cancellation
 K - 5 potions of flight
 R - a potion of magic
 V - 2 potions of lignification
 Y - a potion of agility
Books
 f - a book of Minor Magic

   Spells                             Type                      Level
   a - Magic Dart                     Conjuration                  1
   b - Blink                          Translocation                2
   c - Call Imp                       Summoning                    2
   d - Slow                           Hexes                        2
   e - Conjure Flame                  Conjuration/Fire             3
   f - Mephitic Cloud                 Conjuration/Poison/Air       3
 L - a book of Conjurations

   Spells                             Type                      Level
   a - Magic Dart                     Conjuration                  1
   b - Searing Ray                    Conjuration                  2
   c - Dazzling Spray                 Conjuration/Hexes            3
   d - Fulminant Prism                Conjuration/Hexes            4
   e - Force Lance                    Conjuration/Translocation    4
   f - Iskenderun's Mystic Blast      Conjuration                  4
Miscellaneous
 B - a phial of floods
Comestibles
 b - 12 bread rations
 c - 10 meat rations
 l - 9 royal jellies
 p - 29 fruits


   Skills:
 + Level 9.6 Fighting
 + Level 7.8 Throwing
 + Level 7.4 Armour
 + Level 9.5 Dodging
 - Level 1.1 Stealth
 * Level 14.3 Unarmed Combat
 * Level 10.4 Invocations


You had 13 spell levels left.
You didn't know any spells.

Dungeon Overview and Level Annotations

Branches:
Dungeon (13/15)            Temple (1/1) D:6            Lair (6/6) D:9
  Swamp (0/4) Lair:3        Snake (0/4) Lair:4        Slime (0/5) Lair:6
    Orc (0/2) D:10
 Vaults: D:13-14

Altars:
Ashenzari
Cheibriados
Dithmenos
Elyvilon
Fedhas
Gozag
Hepliaklqana
Kikubaaqudgha
Makhleb
Nemelex Xobeh
Okawaru
Qazlal
Ru
Sif Muna
Trog
Uskayaw
Vehumet
Xom
Yredelemnul
Zin
The Shining One
Beogh
Jiyva

Shops:
D:6 [   D:11 *

Annotations:
Lair:1 exclusion: 3 oklob plants
Lair:3 exclusion: 2 oklob plants


Innate Abilities, Weirdness & Mutations

You are too large for most types of armour.
You have claws for hands.
You are dopey. (Int -2)
Your metabolism is lightning-fast.
You like to eat raw meat.
Your natural rate of healing is unusually fast.
You are covered in fur. (AC +1)
You have very tough skin. (AC +2)


Message History

The splash of acid hits you! The acid corrodes you!
You are splashed with acid!
The acid burns!
You mangle the oklob plant!!
The oklob plant is severely damaged.
The oklob plant spits acid at you. The splash of acid hits you!
* * * LOW HITPOINT WARNING * * *
You are splashed with acid!
The acid burns!
* * * LOW HITPOINT WARNING * * *
The oklob plant spits acid at you. The splash of acid hits you!
* * * LOW HITPOINT WARNING * * *
You are splashed with acid!
The acid burns!
* * * LOW HITPOINT WARNING * * *
You mangle the oklob plant!!
You destroy the oklob plant!
Cheibriados thoroughly appreciates the change of pace.
The oklob plant spits acid at you. The splash of acid hits you!
You die...

####### #.[..$#
####.P.=.# ##.##(=.$.#
##..##$@.).#
#....#P?...# ######
#..#.#PPP..###
#..#.####.###........#
###.....P.# ##......(#
###..##....#
#.#......###
......(.#..#
##.........##### #
......#...##
##.(.#........### #
..##.###..#
#P..#.##.#......###


You could see 2 oklob plants.

Vanquished Creatures
  Snorg (D:10)
  6 hydras
  A death knight (D:13)
  Erica (D:8)
  4 catoblepae
  6 two-headed ogres
  A centaur warrior (D:13)
  8 death yaks
  A tengu warrior (D:13)
  An ogre mage (D:13)
  Sonja (Lair:4)
  4 skeletal warriors (D:13)
  The ghost of Overlord the Basher, a novice MiBe of Trog (Bailey)
  2 unseen horrors (D:13)
  A phantasmal warrior (D:13)
  A deep elf mage (D:9)
  An orc knight (Bailey)
  2 cyclopes (D:13)
  2 oklob plants (Lair:3)
  4 manticores
  2 ugly things
  7 black mambas
  9 elephants (Lair:4)
  Joseph (D:8)
  A torpor snail (Lair:3)
  A gargoyle (D:13)
  4 spiny frogs
  4 komodo dragons
  2 rime drakes
  An efreet (D:13)
  A redback zombie (D:13)
  9 polar bears
  A tengu conjurer (D:13)
  4 trolls
  A hornet (D:13)
  9 slime creatures
  Prince Ribbit (D:8)
  8 dream sheep
  4 blink frogs (Lair:3)
  10 hippogriffs
  A shadow (D:13)
  3 wraiths (D:13)
  38 yaks
  4 wyverns
  3 fire bats (Lair:6)
  4 hogs (D:7)
  A basilisk (Lair:6)
  A human (D:7)
  3 hungry ghosts
  A vampire mosquito (D:13)
  Edmund (D:4)
  3 wargs
  3 nagas (Lair:4)
  A soldier ant (D:12)
  8 water moccasins
  4 porcupines
  15 orc warriors
  3 black bears
  A phantom (D:9)
  2 necrophages
  2 eyes of draining
  2 ice beasts
  A sky beast (D:8)
  2 ogres (D:13)
  12 wolves
  A wolf (shapeshifter) (D:13)
  3 centaurs
  11 crocodiles
  2 big kobolds
  20 bullfrogs
  4 scorpions
  16 killer bees
  9 wights (D:13)
  3 howler monkeys
  2 electric eels
  4 crimson imps
  A bullfrog zombie (D:5)
  3 centaur zombies (Ossuary)
  4 bullfrog skeletons
  5 hounds
  4 jellies
  A centaur skeleton (D:6)
  11 orc priests
  13 orc wizards
  4 iguanas
  12 worker ants
  A big kobold zombie (Ossuary)
  5 mummies (Ossuary)
  A gnoll (Bailey)
  14 adders
  2 shadow imps
  2 oozes
  2 worms
  3 dart slugs (D:2)
  6 leopard geckos
  63 orcs
  9 bats
  6 giant cockroaches
  17 goblins
  14 hobgoblins
  9 jackals
  36 kobolds
  3 quokkas
  2 ball pythons (D:2)
  7 frilled lizards
  2 hobgoblin zombies (Ossuary)
  A leopard gecko skeleton (D:8)
  A quokka zombie (D:8)
  9 rats
596 creatures vanquished.

Vanquished Creatures (others)
  A butterfly (Lair:5)
  4 fungi
  10 plants
15 creatures vanquished.

Grand Total: 611 creatures vanquished

Notes
Turn   | Place    | Note
-------+----------+-------------------------------------------
     0 | D:1      | Ladykiller69 the Troll Monk began the quest for the Orb.
     0 | D:1      | Reached XP level 1. HP: 22/22 MP: 0/0
    71 | D:1      | Reached XP level 2. HP: 29/29 MP: 1/1
   502 | D:1      | Reached XP level 3. HP: 33/36 MP: 2/2
  1260 | D:2      | Reached XP level 4. HP: 44/44 MP: 3/3
  1559 | D:3      | Reached skill level 4 in Unarmed Combat
  1781 | D:3      | Found a shimmering altar of Xom.
  2237 | D:4      | Reached XP level 5. HP: 48/53 MP: 4/4
  2544 | D:4      | Noticed an eye of draining
  2545 | D:4      | Noticed a troll
  2620 | D:4      | Killed a troll
  2620 | D:4      | Reached skill level 5 in Unarmed Combat
  2620 | D:4      | Reached XP level 6. HP: 10/62 MP: 5/5
  2620 | D:4      | HP: 3/62 [orc priest/divine providence (7)]
  2806 | D:4      | Reached XP level 7. HP: 58/71 MP: 6/6
  2999 | D:4      | Noticed Edmund
  3019 | D:4      | Killed Edmund
  3132 | D:5      | Entered Level 5 of the Dungeon
  3134 | D:5      | Found a sand-covered staircase.
  3137 | D:5      | Reached skill level 6 in Unarmed Combat
  3190 | D:5      | Reached skill level 5 in Fighting
  3203 | Ossuary  | Entered an ossuary
  3328 | Ossuary  | Reached XP level 8. HP: 73/80 MP: 7/7
  3538 | D:5      | Reached skill level 5 in Dodging
  3995 | D:6      | Reached skill level 7 in Unarmed Combat
  4055 | D:6      | Found Goluig's Antique Armour Emporium.
  4122 | D:6      | Found a staircase to the Ecumenical Temple.
  4191 | Temple   | Entered the Ecumenical Temple
  4311 | Temple   | Became a worshipper of Ru the Awakened
  4328 | D:6      | Gained mutation: You are dopey. (Int -2) [Ru sacrifice]
  4922 | D:7      | Found a snail-covered altar of Cheibriados.
  5253 | D:7      | Fell from the grace of Ru
  5253 | D:7      | Became a worshipper of Cheibriados the Contemplative
  5283 | D:7      | Reached skill level 1 in Armour
  5287 | D:7      | Reached XP level 9. HP: 69/89 MP: 8/8
  5299 | D:7      | Reached skill level 8 in Unarmed Combat
  5395 | D:8      | Noticed Joseph
  5397 | D:8      | Noticed Prince Ribbit
  5421 | D:8      | Noticed Erica
  5441 | D:8      | Killed Erica
  5441 | D:8      | Reached skill level 1 in Throwing
  5612 | D:8      | Killed Joseph
  5612 | D:8      | Reached skill level 9 in Unarmed Combat
  5658 | D:8      | Reached * piety under Cheibriados
  5742 | D:8      | Noticed a two-headed ogre
  5747 | D:8      | Killed a two-headed ogre
  5747 | D:8      | Reached XP level 10. HP: 84/100 MP: 9/9
  5751 | D:8      | Killed Prince Ribbit
  6051 | D:8      | Reached skill level 1 in Invocations
  6111 | D:9      | Reached ** piety under Cheibriados
  6129 | D:9      | Noticed a deep elf mage
  6254 | D:9      | Killed a deep elf mage
  6273 | D:9      | Found a staircase to the Lair.
  6590 | D:9      | Noticed a two-headed ogre
  6597 | D:9      | Killed a two-headed ogre
  6597 | D:9      | Reached skill level 10 in Unarmed Combat
  6698 | D:9      | Reached *** piety under Cheibriados
  6758 | D:9      | Reached XP level 11. HP: 102/109 MP: 12/12
  7145 | D:10     | Entered Level 10 of the Dungeon
  7213 | D:10     | Found a roughly hewn altar of Beogh.
  7213 | D:10     | Found a staircase to the Orcish Mines.
  7383 | D:10     | Reached **** piety under Cheibriados
  7432 | D:10     | Noticed a two-headed ogre
  7442 | D:10     | Killed a two-headed ogre
  7611 | D:10     | Noticed Snorg
  7628 | D:10     | Killed Snorg
  7664 | D:10     | Noticed a two-headed ogre
  7676 | D:10     | Killed a two-headed ogre
  7923 | D:10     | Noticed a two-headed ogre
  7934 | D:10     | Killed a two-headed ogre
  7934 | D:10     | Reached skill level 11 in Unarmed Combat
  7934 | D:10     | Reached skill level 5 in Invocations
  8114 | D:11     | Reached skill level 5 in Armour
  8208 | D:11     | Found Giriqev's General Store.
  8282 | D:11     | Reached ***** piety under Cheibriados
  8355 | D:11     | Noticed a white ugly thing
  8362 | D:11     | Killed a white ugly thing
  8574 | D:11     | Noticed a seven-headed hydra
  8580 | D:11     | Killed a seven-headed hydra
  8688 | D:11     | Reached skill level 5 in Throwing
  8688 | D:11     | Reached XP level 12. HP: 110/119 MP: 15/15
  9576 | D:13     | Found a flagged portal.
  9600 | Bailey   | Entered a bailey
  9604 | Bailey   | Noticed Overlord's ghost (novice MiBe)
  9608 | Bailey   | Killed Overlord's ghost
 10124 | D:13     | Noticed a catoblepas
 10138 | D:13     | Killed a catoblepas
 10267 | D:13     | Noticed a centaur warrior
 10278 | D:13     | Killed a centaur warrior
 10310 | D:13     | Reached ****** piety under Cheibriados
 10418 | D:13     | Reached skill level 12 in Unarmed Combat
 10509 | D:13     | Noticed a tengu warrior
 10522 | D:13     | Killed a tengu warrior
 10660 | D:13     | Reached XP level 13. HP: 121/128 MP: 17/17
 11157 | Lair:1   | Entered Level 1 of the Lair of Beasts
 12200 | Lair:2   | Reached skill level 13 in Unarmed Combat
 12699 | Lair:3   | Found a staircase to the Swamp.
 13558 | Lair:4   | Noticed Sonja
 13562 | Lair:4   | Killed Sonja
 13599 | Lair:4   | Reached XP level 14. HP: 91/140 MP: 19/19
 13793 | Lair:4   | Found a staircase to the Snake Pit.
 14793 | Lair:6   | Entered Level 6 of the Lair of Beasts
 15198 | Lair:6   | Reached skill level 10 in Invocations
 15236 | Lair:6   | Reached skill level 14 in Unarmed Combat
 15512 | Lair:6   | Got a faintly glowing tin ring
 15514 | Lair:6   | Identified the ring "Fuhiw" {*Corrode rC+ Int+3 Dex+2 Stlth+} (You found it on level 6 of the Lair of Beasts)
 15622 | Lair:6   | Found a staircase to the Slime Pits.
 15623 | Lair:6   | Found a viscous altar of Jiyva.
 16055 | Lair:3   | Killed from afar by an oklob plant

Skill      XL: |  1  2  3  4  5  6  7  8  9 10 11 12 13 14 |
---------------+-------------------------------------------+-----
Fighting       | 3 4 5 6 7 8 9 |  9.6
Unarmed Combat | 4 5 6 7 9 10 11 12 13 14 | 14.3
Dodging        | 3 4 5 6 7 8 9 |  9.5
Armour         | 1 3 4 5 6 7 |  7.4
Throwing       | 2 3 5 7 |  7.8
Invocations    | 3 5 7 9 10 | 10.4
Stealth        | |  1.1

Action                   |  1- 3 |  4- 6 |  7- 9 | 10-12 | 13-15 || total
-------------------------+-------+-------+-------+-------+-------++-------
Melee: Unarmed           |   111 |   127 |   290 |   489 |   275 ||  1292
       Punch             |     2 |     3 |    12 |    39 |    34 ||    90
Throw: Stone             |       |     5 |       |   316 |       ||   321
       Large rock        |       |       |       |     3 |    12 ||    15
       Tomahawk          |       |       |       |    37 |   309 ||   346
       Throwing net      |       |       |       |    10 |       ||    10
Invok: Sacrifice Purity  |       |       |     1 |       |       ||     1
       Bend Time         |       |       |       |     7 |       ||     7
       Slouch            |       |       |       |     1 |     1 ||     2
  Use: Potion            |       |     2 |       |     2 |       ||     4
       Scroll            |       |       |       |    13 |    16 ||    29
 Stab: Sleeping          |     8 |     4 |     3 |     1 |       ||    16
       Held in net/web   |       |       |     1 |       |       ||     1
       Petrified         |       |       |       |     3 |     2 ||     5
       Petrifying        |       |       |       |       |     1 ||     1
  Eat: Chunk             |    16 |    14 |    36 |    36 |    35 ||   137
Armor: Robe              |    41 |    37 |    33 |       |       ||   111
       Swamp dragon scal |       |       |    37 |   202 |   105 ||   344
Dodge: Dodged            |    49 |    61 |   117 |   425 |   240 ||   892
